Map: 强酸工厂 - 天梯版

Players

Glaceon

  • Race: Terran Terran
  • League: Diamond

电脑难度(专家) - Winner!

  • Race: Zerg Zerg

VOD

Have the link to the VOD?

Description

Time

  • Played on: Aug. 24, 2018, 10:39 a.m.
  • Length: 6:51
Show
View Real Time Build Order
Export as new Build Order

Glaceon Terran 

Build Orders: Hellion Opening, Reaper Expand 

Get SALT Encoding   

  12  0:01  SCV  
  13  0:13  SCV  
  14  0:17  Supply Depot  
  14  0:25  SCV  
  15  0:38  SCV  
  15  0:40  Barracks  
  16  0:45  Refinery  
  16  0:54  SCV  
  17  1:06  SCV  
  19  1:18  SCV  
  19  1:28  Reaper  
  19  1:30  Orbital Command  
  20  1:42  Command Center  
  20  1:48  Refinery  
  20  2:00  Supply Depot, Marine  
  21  2:04  SCV  
  22  2:12  Factory  
  22  2:17  SCV  
  22  2:19  Barracks Reactor  
  23  2:29  SCV  
  24  2:41  SCV  
  25  2:53  SCV  
  26  3:02  Barracks Tech Lab  
  26  3:04  Starport, Hellion  
  26  3:05  Hellion  
  30  3:06  Orbital Command  
  30  3:07  SCV  
  31  3:19  SCV  
  32  3:22  Stimpack  
  32  3:26  Hellion  
  34  3:29  Hellion  
  34  3:31  SCV  
  34  3:32  SCV  
  38  3:41  Medivac  
  38  3:42  Supply Depot  
  38  3:47  Hellion  
  42  3:50  Hellion  
  42  3:52  SCV  
  42  3:53  SCV  
  46  4:04  SCV  
  46  4:05  SCV, Supply Depot  
  46  4:09  Hellion  
  50  4:12  Hellion  
  52  4:17  SCV  
  52  4:18  SCV  
  54  4:27  Command Center  
  54  4:30  Supply Depot  
  55  4:31  SCV  
  55  4:32  SCV  
  56  4:38  Barracks  
  56  4:41  Starport Tech Lab  
  56  4:43  Factory Tech Lab  
  57  4:45  SCV x2  
  58  4:55  Supply Depot  
  58  4:57  SCV  
  58  4:58  Refinery  
  58  4:59  Refinery, SCV  
  60  5:01  Raven  
  60  5:02  Marine  
  63  5:08  Engineering Bay  
  63  5:09  SCV  
  63  5:12  Siege Tank  
  67  5:16  Engineering Bay  
  67  5:26  SCV x2  
  69  5:32  Marine x3  
  72  5:35  Supply Depot  
  72  5:38  SCV  
  72  5:41  Orbital Command  
  73  5:47  Siege Tank  
  76  5:53  Armory  
  76  5:55  SCV  
  77  5:57  SCV  
  77  5:58  Marine x2  
  77  5:59  Marine  
  81  6:07  SCV  
  81  6:10  Factory  
  81  6:11  Starport Tech Lab  
  82  6:12  SCV  
  82  6:13  Barracks  
  83  6:21  Supply Depot  
  83  6:22  Orbital Command, Marine x3  
  89  6:25  SCV  
  89  6:31  SCV  
  93  6:46  Refinery  
Show
View Real Time Build Order
Export as new Build Order

电脑难度(专家) Zerg - Winner!

Build Orders: Hatch First 

Get SALT Encoding   

  12  0:00  Drone  
  13  0:12  Overlord  
  13  0:16  Drone  
  14  0:31  Drone x2  
  14  0:34  Drone  
  17  0:53  Hatchery  
  17  0:56  Drone  
  17  1:12  Spawning Pool  
  17  1:13  Extractor  
  17  1:16  Drone  
  16  1:20  Drone  
  16  1:24  Drone  
  18  1:28  Drone  
  19  1:38  Overlord  
  19  1:49  Drone  
  20  1:59  Queen  
  20  2:00  Zergling x2  
  23  2:04  Drone  
  24  2:17  Queen  
  24  2:22  Drone  
  27  2:34  Roach Warren  
  27  2:36  Extractor  
  27  2:37  Drone  
  26  2:40  Drone  
  27  2:46  Overlord  
  27  2:50  Drone  
  28  2:53  Drone  
  28  2:56  Drone  
  30  3:00  Drone  
  30  3:02  Drone  
  32  3:06  Zergling x2  
  32  3:09  Zergling x2  
  34  3:14  Roach  
  34  3:18  Roach  
  38  3:22  Roach  
  38  3:26  Roach  
  42  3:28  Drone  
  42  3:31  Drone  
  44  3:36  Overlord  
  44  3:42  Lair  
  44  3:55  Drone x4  
  48  3:57  Drone  
  48  3:59  Drone  
  48  4:01  Drone  
  51  4:04  Drone  
  51  4:08  Overlord  
  52  4:26  Drone x5, Zergling x6  
  52  4:31  Overlord  
  60  4:34  Overlord  
  59  4:44  Hydralisk Den, Drone  
  59  4:46  Infestation Pit, Drone  
  59  4:49  Roach, Zergling x2  
  59  4:51  Roach x2  
  66  4:53  Roach  
  66  4:56  Overlord  
  68  5:12  Hydralisk  
  68  5:13  Hydralisk  
  72  5:15  Hydralisk  
  72  5:16  Hydralisk  
  72  5:17  Drone  
  72  5:19  Drone  
  78  5:21  Overlord  
  78  5:25  Hive  
  78  5:30  Infestor  
  80  5:37  Overlord  
  80  5:39  Overlord  
  80  5:44  Evolution Chamber, Drone  
  80  5:49  Evolution Chamber, Drone  
  80  5:50  Overlord  
  80  5:53  Overlord  
  80  5:59  Infestor  
  80  6:00  Zergling x2  
  80  6:01  Zergling x2  
  80  6:03  Zergling x2  
  85  6:04  Zergling x2  
  85  6:06  Zergling x2  
  85  6:07  Zergling x2  
  85  6:10  Overlord  
  88  6:13  Overlord  
  88  6:27  Drone  
  88  6:29  Drone, Extractor  
  88  6:31  Drone, Extractor  
  91  6:38  Evolution Chamber, Drone x2, Hatchery  
Tags
 
Add a new tag
Caveats
  • Supply blocks, unpowered buildings, or Contaminate may cause inaccurate times.
  • Supply counts are checked every 10 seconds.